 Dungeon Sprint DCSS version 0.21.1-1-g345015f (webtiles) character file.

53 Fang the Chopper (level 3, -10/57 HPs)
             Began as a Minotaur Berserker on Apr 23, 2018.
             Was a Believer of Trog.
             Mangled by a water elemental (12 damage)
             ... in the Dungeon (Sprint III: "The Ten Rune Challenge").
             The game lasted 00:00:58 (271 turns).

Fang the Chopper (Minotaur Berserker)                Turns: 271, Time: 00:01:00

Health: -10/57     AC:  2    Str: 27    XL:     3   Next: 62%
Magic:  2/2        EV: 13    Int:  4    God:    Trog [**....]
Gold:   17         SH:  0    Dex:  9    Spells: 2/2 levels left

rFire    . . .     SeeInvis .   a - +0 hand axe
rCold    . . .     Gourm    .   (no shield)
rNeg     . . .     Faith    .   b - +0 animal skin
rPois    .         Spirit   .   (helmet restricted)
rElec    .         Reflect  .   (no cloak)
rCorr    .         Harm     .   (no gloves)
MR       .....     NoTele   +   (no boots)
Stlth    ..........             (no amulet)
HPRegen  0.19/turn              (no ring)
MPRegen  0.08/turn              (no ring)

@: berserking, engulfed (cannot breathe), very quick
A: retaliatory headbutt, horns 2
a: Berserk, Trog's Hand, Burn Spellbooks, Renounce Religion


You were in the Dungeon.
You worshipped Trog.
Trog was pleased with you.
You were not hungry.

You visited 1 branch You collected 17 gold pieces.

Inventory:

Hand Weapons
 a - a +0 hand axe (weapon)
Armour
 b - a +0 animal skin (worn)
Scrolls
 i - a scroll of blinking
 j - a scroll of enchant weapon {unknown}
 l - 2 scrolls of immolation {unknown}
 m - 3 scrolls of identify
 n - a scroll of remove curse {unknown}
 p - a scroll of fear {unknown}
Potions
 d - a potion of curing
 e - a potion of heal wounds
 f - a potion of haste
 g - 2 potions of magic
 h - 2 potions of berserk rage
 o - a potion of agility {unknown}
 q - a potion of flight {unknown}
Comestibles
 c - 3 rations


   Skills:
 + Level 6.4 Fighting
 + Level 6.6 Axes
 + Level 3.5 Armour
 + Level 3.4 Dodging


You had 2 spell levels left.
You didn't know any spells.

Dungeon Overview and Level Annotations

Branches:
Dungeon (1/1)

Altars:


Innate Abilities, Weirdness & Mutations

You reflexively headbutt those who attack you in melee.
You have a pair of horns on your head.


Message History

You hit the water elemental.
The water elemental is moderately damaged.
The water elemental completely misses you.
You hit the water elemental but do no damage.
You headbutt the water elemental.
The water elemental is heavily damaged.
The water elemental hits you!!
* * * LOW HITPOINT WARNING * * *
The water elemental engulfs you in water!
You are too injured to fight recklessly!
You are too injured to fight recklessly!
You are too injured to fight recklessly!
You are too injured to fight recklessly!
A red film seems to cover your vision as you go berserk!
You feel yourself moving faster!
You feel mighty!
You feel quite a bit more hungry.
* * * LOW HITPOINT WARNING * * *
Your lungs strain for air!
The water elemental hits you!
You die...

▓▓▓▓▓▓▓▓▓ ▓▓▓
.#!.'...♣♣♣ ♣.#
.#!.#.....♣ ♣♣.#
'####.....♣♣ ..#
....#....≈.♣♣♣♣.###+#+##
....#...≈≈♣.♣...#.......
....#..≈≈≈≈♣♣♣♣.@E⌠.....
###'#..≈≈≈≈≈≈...#...####
....#.≈≈≈≈≈≈....#.⌠.#
...)#.≈≈≈≈≈.....#...#
....#.≈≈≈.......#+###
#####...........#
................#
▓▓▓▓▓▓▓▓▓▓▓▓▓▓▓▓▓


You could see a water elemental.

Vanquished Creatures
  Jessica (D)
  A human (D)
  An ooze (D)
  A phantom (D)
  A rat (D)
5 creatures vanquished.

Vanquished Creatures (others)
  A draconian scorcher (D)
  A yaktaur (D)
  6 hellions (D)
8 creatures vanquished.

Grand Total: 13 creatures vanquished

Notes
Turn   | Place    | Note
-------+----------+-------------------------------------------
     0 | D        | Fang the Minotaur Berserker began the quest for the Orb.
     0 | D        | Reached XP level 1. HP: 19/19 MP: 0/0
    11 | D        | Noticed Jessica
    24 | D        | Killed Jessica
    24 | D        | Reached ** piety under Trog
    24 | D        | Reached skill level 5 in Fighting
    24 | D        | Reached skill level 5 in Axes
    24 | D        | Reached XP level 2. HP: 21/30 MP: 1/1
    24 | D        | Reached XP level 3. HP: 25/37 MP: 2/2
    46 | D        | Killed a yaktaur
    91 | D        | Killed a hellion
    96 | D        | Killed a hellion
    96 | D        | Killed a hellion
    98 | D        | Killed a hellion
   162 | D        | Killed a white draconian scorcher
   162 | D        | Killed a hellion
   172 | D        | Killed a hellion
   266 | D        | Noticed a water elemental
   271 | D        | HP: 2/57 [drowned by a water elemental (5)]
   271 | D        | Mangled by a water elemental

Skill      XL: |  1  2  3 |
---------------+----------+-----
Fighting       | 5 6 |  6.4
Axes           | 5 6 |  6.6
Armour         | 3 |  3.5
Dodging        | 3 |  3.4

Action                   || total
-------------------------++-------
Melee: Hand axe          ||    25
       Headbutt          ||     7
Invok: Berserk           ||     2
Armor: Animal skin       ||     1
Dodge: Dodged            ||    14
